Map: Acid Plant LE

Players

RiSky

  • Race: Zerg Zerg
  • Spawn Location: 5:00

Bunny - Winner!

  • Race: Terran Terran
  • Spawn Location: 11:00

Event: IEM Season 12 - Katowice

VOD

Have the link to the VOD?

Description

Time

  • Played on: Feb. 27, 2018, 5:50 a.m.
  • Length: 7:57

All games in this series

Show
View Real Time Build Order
Export as new Build Order

RiSky Zerg 

Build Orders: Hatch First 

Get SALT Encoding   

  12  0:00  Drone  
  13  0:12  Overlord  
  13  0:16  Drone  
  14  0:30  Drone x2  
  14  0:34  Drone  
  17  0:51  Hatchery  
  17  0:54  Drone  
  17  0:57  Drone  
  18  1:08  Extractor  
  17  1:12  Spawning Pool  
  17  1:15  Drone  
  18  1:18  Drone  
  18  1:27  Drone  
  19  1:38  Overlord  
  19  1:49  Drone  
  20  1:58  Queen  
  20  2:00  Zergling x2  
  23  2:02  Queen  
  23  2:03  Zergling x2  
  23  2:08  Metabolic Boost  
  26  2:10  Drone  
  26  2:14  Drone  
  28  2:21  Drone  
  29  2:31  Hatchery  
  29  2:35  Drone  
  29  2:36  Drone  
  30  2:41  Drone  
  30  2:46  Drone  
  30  2:49  Overlord  
  31  2:55  Drone, Queen  
  35  2:58  Drone  
  35  3:09  Drone  
  35  3:10  Drone, Overlord  
  35  3:11  Drone x2  
  39  3:20  Queen  
  39  3:21  Overlord  
  39  3:22  Drone  
  42  3:29  Zergling x2  
  42  3:33  Queen  
  45  3:36  Roach Warren  
  45  3:37  Drone  
  45  3:38  Drone  
  46  3:41  Drone  
  46  3:42  Drone  
  46  3:46  Drone  
  49  3:51  Drone  
  49  3:52  Zergling x4  
  49  3:53  Queen  
  54  3:58  Extractor x2  
  54  4:00  Overlord  
  51  4:07  Drone  
  51  4:09  Overlord x2  
  52  4:10  Drone  
  52  4:11  Drone  
  54  4:23  Roach x5  
  64  4:30  Overlord  
  64  4:33  Roach x2  
  64  4:35  Zergling x2  
  64  4:36  Zergling x2  
  70  4:42  Roach  
  70  4:43  Roach  
  72  4:46  Roach  
  72  4:51  Overlord  
  74  4:54  Zergling x6  
  74  4:55  Zergling x2  
  74  4:59  Zergling x4  
  79  5:05  Zergling x2  
  79  5:06  Zergling x6  
  83  5:11  Zergling x6  
  86  5:14  Ravager  
  86  5:15  Ravager x2  
  86  5:18  Overlord  
  86  5:20  Ravager  
  88  5:24  Drone  
  88  5:25  Drone  
  85  5:28  Overlord  
  85  5:30  Overlord  
  85  5:34  Ravager  
  84  5:37  Drone  
  84  5:38  Drone x4  
  86  5:49  Drone  
  78  5:50  Drone  
  78  5:52  Drone  
  71  5:57  Drone x2  
  71  5:58  Overlord  
  71  6:01  Drone x5  
  71  6:03  Lair  
  74  6:07  Drone  
  74  6:09  Drone x2  
  77  6:15  Spore Crawler  
  76  6:20  Spore Crawler  
  76  6:21  Drone x6  
  76  6:24  Spore Crawler  
  80  6:25  Zergling x2  
  80  6:26  Zergling x2  
  80  6:27  Drone  
  80  6:30  Drone x2  
  80  6:32  Extractor, Zergling x2  
  85  6:36  Roach x2  
  89  6:40  Roach x2  
  89  6:43  Roach x2  
  93  6:50  Roach x2  
  90  6:57  Roach x3  
  87  7:02  Drone  
  87  7:08  Queen  
  84  7:10  Queen x2  
  80  7:16  Drone x5  
  80  7:18  Drone x2  
  86  7:26  Drone  
  85  7:33  Drone  
  85  7:36  Roach x3, Hydralisk Den  
  85  7:41  Spore Crawler  
  85  7:42  Spore Crawler  
Show
View Real Time Build Order
Export as new Build Order

Bunny Terran - Winner!

Build Orders: Reaper Expand, Hellion Banshee, Mech 

Get SALT Encoding   

  12  0:01  SCV  
  13  0:13  SCV  
  14  0:17  Supply Depot  
  14  0:25  SCV  
  15  0:38  SCV  
  15  0:39  Barracks  
  16  0:43  Refinery  
  16  0:50  SCV  
  17  1:02  SCV  
  18  1:15  SCV  
  19  1:27  Reaper, Orbital Command  
  20  1:40  Command Center  
  20  1:50  Supply Depot  
  20  1:52  SCV  
  21  1:59  Marine  
  22  2:04  SCV  
  22  2:06  Factory  
  23  2:13  Refinery  
  23  2:16  SCV  
  23  2:21  Barracks Reactor  
  24  2:28  SCV  
  25  2:40  SCV  
  26  2:52  SCV, Orbital Command  
  26  2:53  Starport  
  27  3:02  Hellion x2  
  27  3:04  Barracks Tech Lab  
  27  3:05  SCV  
  32  3:17  SCV x2  
  34  3:24  Hellion x2  
  34  3:26  Supply Depot  
  38  3:29  Viking  
  38  3:32  SCV  
  38  3:33  SCV  
  42  3:44  SCV  
  42  3:45  SCV  
  42  3:46  Marine  
  45  3:50  Supply Depot, Hellion x2  
  49  3:56  SCV  
  49  3:57  SCV  
  51  4:12  Cloaking Field  
  51  4:13  Banshee  
  51  4:15  Command Center  
  54  4:18  SCV  
  54  4:20  Supply Depot, SCV  
  56  4:25  Hellion  
  56  4:27  Hellion  
  61  4:31  SCV  
  61  4:32  SCV  
  62  4:43  SCV  
  62  4:44  SCV  
  60  4:48  Hellion  
  60  4:49  Hellion, Refinery x2  
  64  4:53  Factory  
  64  4:54  Factory  
  64  4:57  Banshee  
  64  4:59  Barracks Tech Lab  
  67  5:01  SCV x2  
  69  5:08  Armory  
  69  5:10  Supply Depot  
  69  5:27  Hellion x2  
  73  5:29  Orbital Command  
  73  5:39  Banshee  
  76  5:49  Hellion x2  
  68  5:59  SCV x2  
  68  6:03  Supply Depot  
  70  6:09  Orbital Command, Armory  
  70  6:11  SCV x2  
  73  6:12  Supply Depot  
  73  6:17  Hellion x2  
  76  6:19  Supply Depot  
  76  6:26  SCV x2  
  76  6:30  Siege Tank  
  76  6:31  Siege Tank  
  84  6:35  Starport Reactor  
  84  6:39  SCV x2  
  86  6:40  SCV  
  86  6:49  Hellion x2  
  86  6:51  SCV x2  
  86  6:52  SCV  
  89  7:03  Hellion x2  
  89  7:07  SCV  
  89  7:08  SCV  
  85  7:15  Factory  
  81  7:16  Factory  
  81  7:21  Hellion x2  
  85  7:24  SCV x3, Siege Tank x2  
  96  7:30  Refinery  
  96  7:32  Refinery  
  92  7:39  SCV x2  
  92  7:40  SCV  

Tags
 
Add a new tag
Caveats
  • Supply blocks, unpowered buildings, or Contaminate may cause inaccurate times.
  • Supply counts are checked every 10 seconds.